cohdb
Replays
Latest Replays
All Replays
Popular Replays
Top Player Replays
Match Explorer
How It Works
Community
CoH3 Stats
Reddit
Sign in to upload your games and track your stats! →
Sign in with Steam
Match 43070994
Unlisted
Match 43070994
Overview
Messages
Build Orders
End
Engineer Squad
Construct Barracks
Selects Armored Battlegroup
Selects Veteran Crews
1⁄4-ton 4x4 Truck
Riflemen Squad
Riflemen Squad
Infantry Support Center
Construct Medical Station
Riflemen Squad
Construct Motor Pool
M8 Greyhound Armored Car
Selects Fast Deploy
Selects Field Repairs
Grenade Package
WeAJapaneseGoblin
咚咚锵个腿
0
0
Comments
sign in to comment!
No comments posted yet!